 Dungeon Crawl Stone Soup version 0.29.1-15-g9cfb28693d (webtiles) character file.

Game seed: 14748946932113067187

3124 Gabide the Covert (level 9, -5/74 HPs)
             Began as a Gnoll Delver on Apr 2, 2023.
             Was a Follower of Uskayaw.
             Slain by an orc wizard
             ... wielding a +2 dagger of distortion
              (24 damage)
             ... on level 7 of the Dungeon.
             The game lasted 00:26:57 (9356 turns).

Gabide the Covert (Gnoll Delver)                    Turns: 9356, Time: 00:26:58

Health: -5/74      AC: 14    Str: 17    XL:     9   Next: 91%
Magic:  16/16      EV: 17    Int: 10    God:    Uskayaw [*.....]
Gold:   511        SH:  0    Dex: 24    Spells: 17/17 levels left

rFire   . . .      SeeInvis .   a - +4 short sword
rCold   . . .      Faith    .   (no shield)
rNeg    . . .      Spirit   .   M - +0 steam dragon scales
rPois   .          Reflect  .   y - +0 helmet
rElec   .          Harm     .   N - +0 cloak
rCorr   .          Rampage  .   G - +2 pair of gloves
Will    .....                   D - +2 pair of boots
Stlth   +++++.....              t - amulet of magic regeneration
HPRegen 0.22/turn               s - +6 ring of dexterity
MPRegen 0.55/turn               x - +6 ring of strength

@: no status effects
A: fangs 1, strong nose, distributed training
a: Renounce Religion, Stomp


You were on level 7 of the Dungeon.
You worshipped Uskayaw.
Uskayaw was noncommittal.
You visited 1 branch of the dungeon, and saw 8 of its levels.
You also visited: Ossuary.

You collected 511 gold pieces.

Inventory:

Hand Weapons
 a - a +4 short sword (weapon)
 b - a +0 sling
Missiles
 i - 4 javelins
 B - 11 poisoned darts (quivered)
Armour
 w - an orb of wrath
 y - a +0 helmet (worn)
 D - a +2 pair of boots (worn)
 F - an orb of guile
 G - a +2 pair of gloves (worn)
 M - +0 steam dragon scales (worn)
 N - a +0 cloak (worn)
Jewellery
 s - a +6 ring of dexterity (left hand)
 t - an amulet of magic regeneration (around neck)
 x - a +6 ring of strength (right hand)
Wands
 g - a wand of digging (3)
 v - a wand of flame (19)
 K - a wand of mindburst (3)
 O - a wand of charming (14)
Scrolls
 d - 7 scrolls of teleportation
 e - 2 scrolls of identify
 f - a scroll of enchant weapon
 k - a scroll of amnesia
 l - a scroll of poison
 p - 2 scrolls of immolation
 q - 2 scrolls of fear
 r - 2 scrolls of fog
 u - 2 scrolls of vulnerability
 A - a scroll of magic mapping
 I - a scroll of enchant armour
 J - a scroll of blinking
 L - a scroll of torment {unknown}
Potions
 c - 3 potions of haste
 h - 2 potions of curing
 j - 5 potions of flight
 m - a potion of attraction
 n - 2 potions of brilliance {unknown}
 o - a potion of mutation
 z - a potion of magic
 C - 2 potions of ambrosia
 E - a potion of invisibility


   Skills:
 + Level 8.2 Fighting
 + Level 6.8 Short Blades
 + Level 4.9 Long Blades
 + Level 4.9 Axes
 + Level 4.9 Maces & Flails
 + Level 4.9 Polearms
 + Level 4.9 Staves
 + Level 4.9 Ranged Weapons
 + Level 4.9 Throwing
 + Level 4.9 Armour
 + Level 6.8 Dodging
 + Level 10.8 Stealth
 + Level 4.9 Shields
 + Level 4.9 Unarmed Combat
 + Level 4.9 Spellcasting
 + Level 4.0 Conjurations
 + Level 4.0 Hexes
 + Level 4.0 Summonings
 + Level 4.0 Necromancy
 + Level 4.0 Translocations
 + Level 4.0 Transmutations
 + Level 4.0 Fire Magic
 + Level 4.0 Ice Magic
 + Level 4.0 Air Magic
 + Level 4.0 Earth Magic
 + Level 4.0 Poison Magic
 + Level 5.3 Invocations
 + Level 4.9 Evocations


You had 17 spell levels left.
You didn't know any spells.
Your spell library contained the following spells:

 Spells                   Type           Power      Damage    Failure   Level
 Freeze                   Ice            40%        1d6       4%          1
 Blink                    Tloc           20%        N/A       7%          2
 Frozen Ramparts          Ice            20%        1d4       13%         3
 Gell's Gravitas          Tloc           10%        N/A       13%         3
 Lesser Beckoning         Tloc           10%        N/A       13%         3
 Teleport Other           Tloc           10%        N/A       13%         3
 Hailstorm                Conj/Ice       10%        3d5       41%         4
 Alistair's Intoxication  Tmut/Pois      6%         N/A       77%         5
 Borgnjor's Vile Clutch   Necr/Erth      5%         N/A       77%         5
 Manifold Assault         Tloc           10%        N/A       77%         5
 Eringya's Noxious Bog    Tmut/Pois      5%         N/A       100%        6


Dungeon Overview and Level Annotations

Branches:
Dungeon (8/15)             Temple (0/1) D:7         Ossuary (visited)
   Lair: D:8-11

Altars:
Ashenzari
Elyvilon
Gozag
Hepliaklqana
Sif Muna
Uskayaw
Vehumet
Zin
The Shining One

Shops:
D:1 :   D:3 =   D:4 =

Annotations:
D:4 3 exclusions
D:7 exclusion: 2 doors


Innate Abilities, Weirdness & Mutations

You have very sharp teeth.
Your uncanny sense of smell can sniff out nearby items.
Your experience applies equally to all skills.


Message History

The orc wizard barely misses you. The necrophage barely misses you.
You barely miss the necrophage. You punch the necrophage.
You bite the necrophage, but do no damage.
The necrophage is severely damaged.
You closely miss the necrophage.
The necrophage is severely damaged.
The orc wizard hits you with a +2 dagger of distortion.
Space warps horribly around you! The necrophage hits you.
The orc priest invokes the aid of Beogh against you.
Beogh smites you!
* * * LOW HITPOINT WARNING * * *
There is a stone staircase leading up here.
You feel better. The orc wizard misses you.
The orc priest invokes the aid of Beogh against you.
Beogh smites you!
* * * LOW HITPOINT WARNING * * *
You feel better.
The orc wizard mumbles some strange words.
The orc wizard flickers and vanishes!
Deactivating autopickup; reactivate with Ctrl-A.
You hear some strange, mumbled words.
Something tries to affect you, but you resist.
The orc priest looks satisfied for a moment.
You climb upwards.
Level annotation: exclusion: 2 doors Reactivating autopickup.
There is a stone staircase leading down here.
Something hits you.
* * * LOW HITPOINT WARNING * * *
Deactivating autopickup; reactivate with Ctrl-A.
You blink.
You can no longer pass through a line of other dancers.
As you read the scroll of teleportation, it crumbles to dust.
You feel strangely unstable.
You hear some strange, mumbled words.
A puff of flame appears from out of thin air!
The puff of flame hits you but does no damage.
Your surroundings seem slightly different.
Something hits you but does no damage. Space warps horribly around you!!
You die...

#..## #....##########.#.###.
###..# #....+............###.
.....# #....###########..#...
####.## #....# ######..#[#. # #..#
###### ####.......#.#. ####..#
###########.......##.#.#.
......###.........#.#.....##.#.#.
........#.......ยง.#.#.....##.#.#.
###.###.#.......@...########.#...
......#.'....>.....## #.####
###.#.###.........## #..... #.#.#
#.........#### ###### #.#.#
#####..?.....##### ### #.#.#
#........'...### #..
###.#.#######........#.....# #.#
....#.#..............#.....# #.#
#####.#.######.............####.#


There were no monsters in sight!

Vanquished Creatures
  Maggie (D:7)
  2 steam dragons (D:6)
  2 water moccasins
  An ice beast (D:6)
  A sky beast (D:7)
  3 ogres
  A phantom (D:5)
  3 bullfrogs (D:7)
  2 necrophages
  3 scorpions
  10 wights
  A centaur zombie (Ossuary)
  A human zombie (Ossuary)
  5 orc priests
  2 jellies
  8 iguanas
  6 orc wizards
  3 mummies (Ossuary)
  4 gnolls (D:5)
  4 adders
  A shadow imp (D:7)
  A white imp (D:5)
  A worm (D:2)
  3 dart slugs (D:2)
  29 orcs
  2 bats
  4 endoplasms (D:1)
  A giant cockroach (D:3)
  5 goblins
  8 hobgoblins
  6 jackals (D:2)
  2 kobolds
  4 quokkas
  7 ball pythons
  5 frilled lizards
  A hobgoblin zombie (Ossuary)
  2 kobold zombies (Ossuary)
  3 orc zombies (Ossuary)
  2 rats
150 creatures vanquished.

Vanquished Creatures (others)
  A fungus (D:6)
1 creature vanquished.

Grand Total: 151 creatures vanquished

Notes
Turn   | Place    | Note
-------+----------+-------------------------------------------
     0 | D:5      | Reached skill level 9 in Stealth
     0 | D:5      | Gabide the Gnoll Delver began the quest for the Orb.
     0 | D:5      | Reached XP level 1. HP: 23/23 MP: 1/1
    95 | D:6      | Noticed a water moccasin
   111 | D:6      | Noticed an iguana
   159 | D:5      | Noticed a phantom
   193 | D:5      | Found a hide-covered altar of Uskayaw.
   195 | D:5      | Noticed a +0 hand axe
   195 | D:5      | Noticed a +0 hand axe
   195 | D:5      | Noticed a jelly
   202 | D:5      | Became a worshipper of Uskayaw the Reveller
   214 | D:5      | Reached * piety under Uskayaw
   298 | D:4      | Found an opulent altar of Gozag.
   344 | D:4      | Found Letezxen's Jewellery Shoppe.
   377 | D:4      | Reached ** piety under Uskayaw
   380 | D:4      | Reached *** piety under Uskayaw
   381 | D:4      | Reached XP level 2. HP: 27/29 MP: 2/2
   454 | D:4      | Found a shimmering blue altar of Sif Muna.
   458 | D:4      | Found a sand-covered staircase.
   467 | Ossuary  | Entered an ossuary
   618 | Ossuary  | Reached skill level 1 in Invocations
   618 | Ossuary  | Reached XP level 3. HP: 16/35 MP: 2/4
   809 | Ossuary  | Reached skill level 1 in Long Blades
   809 | Ossuary  | Reached skill level 1 in Axes
   809 | Ossuary  | Reached skill level 1 in Maces & Flails
   809 | Ossuary  | Reached skill level 1 in Polearms
   809 | Ossuary  | Reached skill level 1 in Staves
   809 | Ossuary  | Reached skill level 1 in Ranged Weapons
   809 | Ossuary  | Reached skill level 1 in Throwing
   809 | Ossuary  | Reached skill level 1 in Armour
   809 | Ossuary  | Reached skill level 1 in Shields
   809 | Ossuary  | Reached skill level 1 in Unarmed Combat
   809 | Ossuary  | Reached skill level 1 in Spellcasting
   809 | Ossuary  | Reached skill level 1 in Evocations
   809 | Ossuary  | Reached XP level 4. HP: 41/41 MP: 5/5
   856 | Ossuary  | Reached skill level 1 in Conjurations
   856 | Ossuary  | Reached skill level 1 in Hexes
   856 | Ossuary  | Reached skill level 1 in Summonings
   856 | Ossuary  | Reached skill level 1 in Necromancy
   856 | Ossuary  | Reached skill level 1 in Translocations
   856 | Ossuary  | Reached skill level 1 in Transmutations
   856 | Ossuary  | Reached skill level 1 in Fire Magic
   856 | Ossuary  | Reached skill level 1 in Ice Magic
   856 | Ossuary  | Reached skill level 1 in Air Magic
   856 | Ossuary  | Reached skill level 1 in Earth Magic
   856 | Ossuary  | Reached skill level 1 in Poison Magic
  1279 | Ossuary  | Reached XP level 5. HP: 47/47 MP: 7/7
  2351 | D:1      | Found Dyemioq's Book Shoppe.
  3538 | D:2      | Found a faded altar of an unknown god.
  3554 | D:2      | Reached XP level 6. HP: 53/53 MP: 8/8
  3657 | D:3      | Found a broken altar of Ashenzari.
  3762 | D:3      | Reached skill level 5 in Short Blades
  3762 | D:3      | Reached skill level 5 in Dodging
  4028 | D:3      | Found Torphig's Jewellery Emporium.
  4834 | D:4      | Reached XP level 7. HP: 47/60 MP: 10/10
  5552 | D:5      | Reached skill level 10 in Stealth
  5923 | D:5      | Reached XP level 8. HP: 54/67 MP: 12/12
  7632 | D:6      | Reached XP level 9. HP: 61/73 MP: 14/14
  7828 | D:6      | Reached **** piety under Uskayaw
  8243 | D:7      | Noticed Maggie
  8247 | D:7      | Killed Maggie
  8337 | D:7      | Found a hazy altar of Hepliaklqana.
  8337 | D:7      | Found a radiant altar of Vehumet.
  8512 | D:7      | Reached skill level 5 in Invocations
  8914 | D:7      | Found a glowing golden altar of the Shining One.
  8917 | D:7      | Found a glowing silver altar of Zin.
  8917 | D:7      | Found a white marble altar of Elyvilon.
  9082 | D:7      | Reached ***** piety under Uskayaw
  9279 | D:7      | Found a staircase to the Ecumenical Temple.
  9356 | D:7      | Slain by an orc wizard

Illustrated notes

Levels and vault maps discovered:
D:1:      heliophobic_arrival_ceremonial_halls, layout_basic, serial_shops,
          nicolae_square_shop, serial_co_window_serial, co_window_corner_a,
          co_window_of_opportunity_a, co_window_corner_a, co_window_corner_a,
          co_window_corner_a, co_window_corner_b, co_window_broadway_c,
          co_window_of_opportunity_c, co_window_corner_ca, co_window_paths_e,
          co_window_4corner_a, glass_columns_b, nrook_loot_triangle
D:2:      layout_rooms, hellmonk_ecumenical_altar_run_dry
D:3:      layout_loops_cross, mainiacjoe_overflow_chevrons, serial_shops, shop
D:4:      layout_rooms, mainiacjoe_overflow_concentric_impassable,
          nicolae_overflow_crystal_walls, serial_shops, shop, enter_ossuary_1
D:5:      layout_basic, dancing_weapons_uskayaw, kennysheep_small_spiral,
          amcnicky_mini_pool_small
D:6:      kennysheep_steamy, layout_basic
D:7:      layout_basic, dreamdust_divine_triumvirate, jmf_multi_god_temple,
          minmay_temple_entry_statues_fountains, uniq_maggie
D:8:      layout_loops_cross, mainiacjoe_overflow_catwalk, serial_shops, shop,
          hangedman_misty_isle

Skill      XL: |  1  2  3  4  5  6  7  8  9 |
---------------+----------------------------+-----
Stealth        | 10 | 10.8
Invocations    | 1 2 3 4 5 |  5.3
Long Blades    | 1 2 3 4 |  4.9
Axes           | 1 2 3 4 |  4.9
Maces & Flails | 1 2 3 4 |  4.9
Polearms       | 1 2 3 4 |  4.9
Staves         | 1 2 3 4 |  4.9
Ranged Weapons | 1 2 3 4 |  4.9
Throwing       | 1 2 3 4 |  4.9
Armour         | 1 2 3 4 |  4.9
Shields        | 1 2 3 4 |  4.9
Unarmed Combat | 1 2 3 4 |  4.9
Spellcasting   | 1 2 3 4 |  4.9
Evocations     | 1 2 3 4 |  4.9
Conjurations   | 1 2 3 4 |  4.0
Hexes          | 1 2 3 4 |  4.0
Summonings     | 1 2 3 4 |  4.0
Necromancy     | 1 2 3 4 |  4.0
Translocations | 1 2 3 4 |  4.0
Transmutations | 1 2 3 4 |  4.0
Fire Magic     | 1 2 3 4 |  4.0
Ice Magic      | 1 2 3 4 |  4.0
Air Magic      | 1 2 3 4 |  4.0
Earth Magic    | 1 2 3 4 |  4.0
Poison Magic   | 1 2 3 4 |  4.0
Short Blades   | 5 6 |  6.8
Dodging        | 5 6 |  6.8
Fighting       | 7 8 |  8.2

Action                   |  1- 3 |  4- 6 |  7- 9 || total
-------------------------+-------+-------+-------++-------
Melee: Short sword       |    44 |   206 |   299 ||   549
       Bite              |     2 |    26 |    72 ||   100
       Punch             |       |     3 |    18 ||    21
       Dagger            |       |       |    82 ||    82
       Rapier            |       |       |    37 ||    37
 Fire: Sling             |       |    91 |    45 ||   136
Throw: Throwing net      |     1 |       |       ||     1
       Dart              |       |     4 |     6 ||    10
Invok: Stomp             |       |     3 |     3 ||     6
       Line Pass         |       |       |     1 ||     1
Evoke: Wand              |       |       |     7 ||     7
  Use: Scroll            |     4 |    12 |    10 ||    26
       Potion            |     2 |     1 |     6 ||     9
 Stab: Sleeping          |     5 |     7 |     8 ||    20
       Paralysed         |     1 |       |     6 ||     7
Armor: Leather armour    |     8 |    35 |   108 ||   151
       Steam dragon scal |       |       |    19 ||    19
Dodge: Dodged            |    42 |   100 |   273 ||   415
